 Dungeon Crawl Stone Soup version 0.29.0-15-g675c0067aa (webtiles) character file.

Game seed: 8966465328474650956

83660 ragingrage the Warrior (level 15, -3/147 HPs)
             Began as a Minotaur Berserker on Sept 11, 2022.
             Was a High Priest of Trog.
             Slain by a purple ugly thing (7 damage)
             ... on level 15 of the Dungeon.
             The game lasted 00:20:27 (26024 turns).

ragingrage the Warrior (Minotaur Berserker)        Turns: 26024, Time: 00:20:28

Health: -3/147     AC: 20    Str: 31    XL:     15   Next: 33%
Magic:  0/14       EV: 11    Int: 10    God:    Trog [*****.]
Gold:   1170       SH:  9    Dex: 13    Spells: 14/14 levels left

rFire   + + .      SeeInvis .   a - +3 hand axe (elec)
rCold   + + .      Faith    .   p - +2 buckler
rNeg    . . .      Spirit   +   J - +1 plate armour {rPois}
rPois   +          Reflect  .   (helmet restricted)
rElec   .          Harm     .   z - scarf {rC+ rF+}
rCorr   +          Rampage  .   h - +2 pair of gloves {Str+3}
Will    +....                   (no boots)
Stlth   ..........              X - amulet of guardian spirit
HPRegen 0.34/turn               R - ring of Fimpetiq {rF+ rC+ rCorr Int+6 Dex+2}
MPRegen 0.14/turn               V - +4 ring of slaying

@: on berserk cooldown, slowed, very slow
A: horns 2, retaliatory headbutt
a: Renounce Religion, Berserk, Trog's Hand, Brothers in Arms


You were on level 15 of the Dungeon.
You worshipped Trog.
Trog was extremely pleased with you.
You visited 3 branches of the dungeon, and saw 22 of its levels.
You visited the Abyss 2 times.
You visited 1 bazaar.
You also visited: Gauntlet.

You collected 2603 gold pieces.
You spent 1433 gold pieces at shops.

Inventory:

Hand Weapons
 a - a +3 hand axe of electrocution (weapon)
 b - a +0 long sword of flaming
 c - a +6 hand axe of freezing
 v - a +2 vorpal broad axe
 Z - the +5 hand axe of Ceabin {vorpal, *Rage rN+ rCorr Dex+7}
   (You found it on level 4 of the Lair of Beasts)

   It inflicts extra damage upon your enemies.
   Dex:       It affects your dexterity (+7).
   rN:        It protects you from negative energy.
   *Rage:     It berserks you when you make melee attacks (+20% chance).
   rCorr:     It protects you from acid and corrosion.
Missiles
 t - 3 javelins (quivered)
 x - 5 throwing nets
 A - a curare-tipped dart
Armour
 d - a +2 plate armour of cold resistance
 h - a +2 pair of gloves of strength (worn)
 p - a +2 buckler (worn)
 z - a scarf of resistance (worn)
 B - a +0 cloak of preservation
 J - a +1 plate armour of poison resistance (worn)
Jewellery
 q - a ring of positive energy
 G - the ring of Juagyqig {Str+4 SInv}
   (You found it in a Gauntlet)

   [ring of see invisible]

   Str:       It affects your strength (+4).
   SInv:      It lets you see invisible.
 O - a ring of willpower
 Q - a +4 ring of protection
 R - the ring of Fimpetiq (left hand) {rF+ rC+ rCorr Int+6 Dex+2}
   (You found it in a Gauntlet)

   [ring of intelligence]

   Int:       It affects your intelligence (+6).
   Dex:       It affects your dexterity (+2).
   rF:        It protects you from fire.
   rC:        It protects you from cold.
   rCorr:     It protects you from acid and corrosion.
 U - a ring of flight
 V - a +4 ring of slaying (right hand)
 X - an amulet of guardian spirit (around neck)
Wands
 D - a wand of charming (5)
 E - a wand of iceblast (30)
 F - a wand of flame (52)
 K - a wand of mindburst (3)
 L - a wand of digging (5)
Scrolls
 e - 10 scrolls of teleportation
 i - 3 scrolls of blinking
 j - 2 scrolls of butterflies
 m - 8 scrolls of poison
 n - 7 scrolls of vulnerability
 y - 2 scrolls of silence
 C - a scroll of enchant weapon
 M - a scroll of magic mapping
 N - 2 scrolls of summoning {unknown}
 Y - 3 scrolls of identify {@rr}
Potions
 f - 5 potions of haste
 g - 12 potions of curing
 k - 7 potions of lignification
 o - 3 potions of might
 r - 3 potions of attraction
 s - 2 potions of brilliance {unknown}
 u - 2 potions of cancellation
 w - 3 potions of berserk rage {unknown}
 H - 16 potions of heal wounds
 I - 2 potions of flight
 P - a potion of mutation {unknown}
 S - a potion of magic {unknown}
 T - a potion of ambrosia {unknown}
 W - a potion of resistance {unknown}
Miscellaneous
 l - a lightning rod (4/4)


   Skills:
 + Level 17.0 Fighting
 + Level 16.2 Axes
 + Level 9.6 Throwing
 + Level 13.0 Armour
 + Level 8.3 Dodging
 + Level 11.7 Shields
 + Level 6.5 Evocations


You had 14 spell levels left.
You didn't know any spells.
Your spell library was empty.

Dungeon Overview and Level Annotations

Branches:
Dungeon (15/15)            Temple (0/1) D:4            Lair (5/5) D:10
 Shoals (0/4) Lair:2        Snake (0/4) Lair:2        Slime (0/5) Lair:5
    Orc (2/2) D:10            Elf (0/3) Orc:2       Gauntlet (visited)
 Vaults: D:13-14     Depths: D:15

Altars:
Ashenzari
Cheibriados
Dithmenos
Elyvilon
Gozag
Hepliaklqana
Makhleb
Ru
Trog
Vehumet
Xom
Yredelemnul
Zin
The Shining One

Shops:
D:3 [   D:13 (   Orc:2 [==[

Annotations:
Orc:1 1 runed translucent door


Innate Abilities, Weirdness & Mutations

You have a pair of horns on your head.
You reflexively headbutt those who attack you in melee.


Message History

A raiju comes into view.
You hit the starspawn tentacle. You headbutt the starspawn tentacle.
You destroy the starspawn tentacle!
You are too berserk!
You are too berserk!
You feel a strong urge to attack something.
Tentacles burst from the starspawn's body!
A tentacled starspawn comes into view. 2 starspawn tentacles come into view.
You barely miss the tentacled starspawn.
The tentacled starspawn is heavily damaged.
You hit the starspawn tentacle.
Lightning courses through the starspawn tentacle!
You hit the tentacled starspawn.
Lightning courses through the tentacled starspawn!!
You destroy the tentacled starspawn!
Trog accepts your kill.
The starspawn's tentacles wither and die.
You hit the tentacled starspawn. You headbutt the tentacled starspawn.
The tentacled starspawn is lightly damaged.
The substance of the Abyss twists violently, and a gateway leading out appears!
Tentacles burst from the starspawn's body!
You pass through the gate.
Welcome back to the Dungeon!
You feel a strong urge to attack something.
You are no longer berserk.
You are exhausted.
You feel yourself slow down.
The shadow slips into darkness.
The shadow flickers and vanishes!
Deactivating autopickup; reactivate with Ctrl-A.
Unknown command.
Unknown command.
You barely miss the wizard.
You headbutt the wizard, but do no damage.
You hit the purple ugly thing. You slash the tentacled starspawn!
Lightning courses through the tentacled starspawn!
You can read scrolls again.
The purple ugly thing kicks you!
You die...

#[...# +.....#....#.#
###)######J##.#......<..#
#..#.≈uuC#..##.#..#.(.#
#)##.######...........#
#(†(.....#..#.###.###.#
##.#########... ### ..#
#...#.#.#.#...# ###
#.....Xpu......
#......@.u..{.#
###############


You could see a tentacled starspawn, 2 ugly things and a wizard.

Vanquished Creatures
  A tentacled starspawn (Abyss:3)
  A demonspawn corrupter (Abyss:3)
  A very ugly thing (Abyss:3)
  Nessos (Lair:5)
  A minotaur (Gauntlet)
  Josephine (D:13)
  5 hydras
  Harold (Lair:2)
  2 boulder beetles
  5 centaur warriors
  A catoblepas (Lair:5)
  2 two-headed ogres
  A hell hog (Gauntlet)
  3 orc high priests (Orc:2)
  Sonja (D:10)
  A soul eater (Gauntlet)
  Amaemon (D:9)
  A wretched star (Abyss:3)
  Lodul (D:13)
  A shadow demon (Abyss:3)
  An orange crystal statue (Gauntlet)
  A wizard (D:13)
  4 orc knights
  2 deep elf pyromancers
  3 orc sorcerers (Orc:2)
  A deep elf zephyrmancer (D:13)
  A wolf spider (Lair:5)
  4 large abominations
  13 ugly things
  6 elephants (Lair:2)
  3 cyclopes
  Maurice (D:9)
  5 black mambas
  An orange demon (D:9)
  A guardian serpent (Lair:5)
  Maggie (D:9)
  A smoke demon (Abyss:3)
  A gargoyle (D:11)
  3 unseen horrors
  14 cane toads
  4 rime drakes
  An efreet (D:15)
  7 komodo dragons
  2 polar bears
  6 trolls
  7 hornets
  8 slime creatures (D:12)
  A wolf spider simulacrum (Gauntlet)
  7 raiju (Abyss:3)
  A snapping turtle (Lair:2)
  8 blink frogs
  9 dream sheep
  2 centaur simulacra (Gauntlet)
  A vampire (D:13)
  4 shadows
  9 wyverns
  6 wraiths
  22 yaks
  A ynoxinul (Abyss:3)
  6 basilisks
  A yak (shapeshifter) (D:15)
  5 small abominations
  4 fire bats (Gauntlet)
  A steam dragon (Lair:1)
  4 redbacks (Lair:5)
  7 vampire mosquitoes
  2 wargs
  2 acid dragons
  3 nagas (Lair:2)
  3 hell hounds (Gauntlet)
  19 water moccasins
  21 orc warriors
  3 black bears
  3 sky beasts
  13 ogres
  5 wolves (Lair:1)
  11 centaurs
  A boggart (D:15)
  A phantom (D:4)
  3 kobold brigands
  A gnoll sergeant (D:11)
  9 bullfrogs
  A scorpion (D:6)
  17 wights
  4 killer bees (D:11)
  9 howler monkeys
  A wyvern simulacrum (Gauntlet)
  3 hounds
  5 jellies
  2 gnoll boudas
  10 orc priests
  Natasha (thrice) (D:3)
  Terence (D:3)
  3 iguanas
  16 orc wizards
  6 hell rats (Lair:3)
  A statue (D:9)
  21 gnolls
  5 adders
  3 shadow imps
  A white imp (D:6)
  3 ufetubi
  2 worms
  4 dart slugs
  70 orcs
  7 endoplasms
  3 giant cockroaches
  3 goblins
  8 hobgoblins
  4 jackals (D:2)
  5 quokkas
  11 ball pythons
  3 bats
  4 frilled lizards
  14 kobolds
  3 rats
  2 starspawn tentacles (Abyss:3)
591 creatures vanquished.

Vanquished Creatures (collateral kills)
  A lich (Abyss:3)
  An ogre mage (D:15)
  A two-headed ogre (D:11)
  An orc knight (Orc:2)
  2 cyclopes (D:15)
  2 ugly things (D:15)
  3 raiju (Abyss:3)
  A large abomination (Abyss:3)
  6 flying skulls (Abyss:3)
  A ynoxinul (Abyss:3)
  A black bear (shapeshifter) (D:15)
  2 orc warriors (Orc:2)
  A gnoll sergeant (D:9)
  3 orc priests (Orc:2)
  2 orc wizards (Orc:2)
  2 orcs (Orc:2)
30 creatures vanquished.

Vanquished Creatures (others)
  An orc priest (Orc:2)
  An ufetubus (Abyss:3)
  An orc (D:7)
  22 fungi
  66 plants
  4 starspawn tentacles
95 creatures vanquished.

Grand Total: 716 creatures vanquished

Notes
Turn   | Place    | Note
-------+----------+-------------------------------------------
     0 | D:1      | ragingrage the Minotaur Berserker began the quest for the
                  | Orb.
     0 | D:1      | Reached XP level 1. HP: 19/19 MP: 0/0
   229 | D:1      | Reached XP level 2. HP: 24/26 MP: 1/1
   417 | D:1      | Reached skill level 5 in Axes
   497 | D:1      | Reached ** piety under Trog
   784 | D:1      | Reached XP level 3. HP: 31/31 MP: 2/2
  1254 | D:2      | Reached XP level 4. HP: 39/39 MP: 3/3
  1744 | D:3      | Reached XP level 5. HP: 33/45 MP: 4/4
  1868 | D:3      | Found a hazy altar of Hepliaklqana.
  1868 | D:3      | You fall into a shaft and drop 1 floor!
  1971 | D:4      | Found a bloodstained altar of Trog.
  2039 | D:4      | Found a staircase to the Ecumenical Temple.
  2049 | D:4      | Reached *** piety under Trog
  2169 | D:4      | Noticed a phantom
  2194 | D:4      | Killed a phantom
  2195 | D:4      | Reached skill level 1 in Shields
  2195 | D:4      | Reached XP level 6. HP: 38/51 MP: 5/5
  2331 | D:3      | Noticed Terence
  2338 | D:3      | Killed Terence
  2434 | D:3      | Noticed Natasha
  2444 | D:3      | Killed Natasha
  2488 | D:3      | Found Buthag's Antique Armour Emporium.
  2497 | D:3      | Bought a pair of glowing gloves for 187 gold pieces
  2657 | D:3      | Noticed Natasha
  2664 | D:3      | Killed Natasha
  2999 | D:4      | Found a shimmering altar of Xom.
  3523 | D:5      | Entered Level 5 of the Dungeon
  3985 | D:5      | Reached XP level 7. HP: 49/57 MP: 6/6
  4686 | D:6      | Reached skill level 10 in Axes
  4686 | D:6      | Reached XP level 8. HP: 30/64 MP: 7/7
  4741 | D:6      | Reached skill level 5 in Armour
  5460 | D:6      | Reached **** piety under Trog
  5548 | D:6      | Reached skill level 5 in Shields
  6432 | D:7      | Reached XP level 9. HP: 70/70 MP: 8/8
  6434 | D:7      | Identified the +0 robe of Musmi {Rampage MP+9 Str-3 Stlth+}
  7586 | D:8      | Noticed a two-headed ogre
  7596 | D:8      | Killed a two-headed ogre
  7597 | D:8      | Reached skill level 4 in Fighting
  7597 | D:8      | Reached skill level 1 in Throwing
  8272 | D:8      | Noticed a torpor snail
  8275 | D:8      | Found a snail-covered altar of Cheibriados.
  8275 | D:8      | Noticed a torpor snail
  8277 | D:8      | Noticed a torpor snail
  8288 | D:8      | Reached XP level 10. HP: 77/79 MP: 9/9
  8523 | D:8      | Found a sacrificial altar of Ru.
  8712 | D:9      | Noticed a two-headed ogre
  8714 | D:9      | Noticed Maurice
  8719 | D:9      | Killed a two-headed ogre
  8720 | D:9      | Reached skill level 5 in Fighting
  8725 | D:9      | Killed Maurice
  8731 | D:9      | Reached skill level 6 in Fighting
  8844 | D:9      | Paralysed by a hornet for 1 turns
  9169 | D:9      | Noticed Maggie
  9184 | D:9      | Killed Maggie
  9218 | D:9      | Noticed an orange demon
  9220 | D:9      | Noticed Amaemon
  9227 | D:9      | Killed an orange demon
  9238 | D:9      | Killed Amaemon
  9239 | D:9      | Reached skill level 7 in Fighting
  9239 | D:9      | Reached skill level 5 in Throwing
  9581 | D:9      | Found a radiant altar of Vehumet.
  9676 | D:9      | Identified the +2 pair of gloves of Qisint {-Tele Will+
                  | Str+2 Int+2}
  9932 | D:10     | Entered Level 10 of the Dungeon
 10119 | D:10     | Noticed a cyclops
 10125 | D:10     | Killed a cyclops
 10154 | D:10     | Found a glowing golden altar of the Shining One.
 10357 | D:10     | Found a staircase to the Lair.
 10414 | D:10     | Found a white marble altar of Elyvilon.
 10414 | D:10     | Found a basalt altar of Yredelemnul.
 10414 | D:10     | Found an opulent altar of Gozag.
 10524 | D:10     | Reached XP level 11. HP: 87/94 MP: 10/10
 10637 | D:10     | Found a broken altar of Ashenzari.
 10684 | D:10     | Noticed Sonja
 10695 | D:10     | Reached skill level 8 in Fighting
 10708 | D:10     | Killed Sonja
 10923 | D:10     | Found a staircase to the Orcish Mines.
 11072 | D:10     | Found a shadowy altar of Dithmenos.
 11082 | D:10     | Found a glowing silver altar of Zin.
 11085 | D:10     | Found a burning altar of Makhleb.
 11166 | D:11     | Identified the +1 leather armour "Paemocez" {Fly rC+}
 11252 | D:11     | Reached ***** piety under Trog
 11258 | D:11     | Noticed a two-headed ogre
 11263 | D:11     | Killed a two-headed ogre
 11264 | D:11     | Reached skill level 9 in Fighting
 11270 | D:11     | Found a flickering gateway to a bazaar.
 11294 | Bazaar   | Entered a bazaar
 11294 | Bazaar   | Found Wuzi's Book Boutique.
 11482 | Bazaar   | Found Jauxuk's General Store.
 11488 | Bazaar   | Found Pisoib's Weapon Shop.
 11505 | Bazaar   | Found Fent's Assorted Antiques.
 11511 | Bazaar   | Found Siakhluss's Jewellery Shoppe.
 11513 | Bazaar   | Bought a scroll labelled CASAPH KEPU for 21 gold pieces
 11593 | D:11     | Reached skill level 10 in Armour
 12643 | D:3      | Noticed Natasha
 12650 | D:3      | Killed Natasha
 12651 | D:3      | Reached skill level 10 in Fighting
 12659 | D:3      | Bought a slimy chain mail for 237 gold pieces
 12659 | D:3      | Identified the +0 chain mail of the Yeti {Int+4 SInv} (You
                  | bought it in a shop on level 3 of the Dungeon)
 12773 | Lair:1   | Entered Level 1 of the Lair of Beasts
 12816 | Lair:1   | Reached skill level 11 in Fighting
 13118 | Lair:1   | Reached skill level 12 in Fighting
 13700 | Lair:1   | Reached skill level 13 in Fighting
 13780 | Lair:1   | Noticed a boulder beetle
 13786 | Lair:1   | Reached XP level 12. HP: 69/115 MP: 11/11
 13802 | Lair:1   | Killed a boulder beetle
 14823 | Lair:2   | Reached skill level 14 in Fighting
 15070 | Lair:2   | Reached skill level 15 in Fighting
 15226 | Lair:2   | Noticed Harold
 15232 | Lair:2   | Killed Harold
 15233 | Lair:2   | Reached skill level 1 in Evocations
 15775 | Lair:2   | Found a staircase to the Snake Pit.
 15974 | Lair:2   | Found a staircase to the Shoals.
 17200 | Lair:4   | Identified the +5 hand axe of Ceabin {vorpal, *Rage rN+
                  | rCorr Dex+7}
 17375 | Lair:4   | Noticed a six-headed hydra
 17384 | Lair:4   | Killed a two-headed hydra
 17651 | Lair:4   | Reached XP level 13. HP: 127/127 MP: 12/12
 17998 | Lair:4   | Received a gift from Trog
 18308 | Lair:5   | Entered Level 5 of the Lair of Beasts
 18764 | Lair:5   | Found a staircase to the Slime Pits.
 18834 | Lair:5   | Noticed Nessos
 18846 | Lair:5   | Killed Nessos
 18847 | Lair:5   | Reached skill level 5 in Dodging
 19865 | Orc:1    | Entered Level 1 of the Orcish Mines
 19884 | Orc:1    | Received a gift from Trog
 20039 | Orc:1    | Reached skill level 15 in Axes
 20230 | Orc:1    | You fall into a shaft and drop 1 floor!
 20230 | Orc:2    | Entered Level 2 of the Orcish Mines
 20257 | Orc:2    | Found Icoijath's Antique Armour Boutique.
 20289 | Orc:2    | Reached skill level 10 in Shields
 20597 | Orc:2    | Bought a runed plate armour for 494 gold pieces
 20832 | Orc:1    | Found a bloodstained altar of Trog.
 21043 | Orc:1    | Found a runed translucent door.
 21503 | Orc:2    | Found a staircase to the Elven Halls.
 21618 | Orc:2    | Bought a runed plate armour for 494 gold pieces
 21651 | Orc:2    | Reached skill level 16 in Fighting
 21659 | Orc:2    | Received a gift from Trog
 21660 | Orc:2    | Reached XP level 14. HP: 137/137 MP: 7/13
 21663 | Orc:2    | Paralysed by an orc sorcerer for 4 turns
 21676 | Orc:2    | Found Cuycw's Jewellery Shoppe.
 21676 | Orc:2    | Found Nelaonepn's Jewellery Shop.
 21876 | Orc:2    | Found Ohoroxt's Armour Shop.
 21876 | Orc:2    | Found Cumo's Armour Shoppe.
 22030 | D:12     | Reached ****** piety under Trog
 22980 | D:13     | Reached skill level 5 in Evocations
 23105 | D:13     | Noticed Josephine
 23118 | D:13     | Killed Josephine
 23247 | D:13     | Noticed Lodul
 23248 | D:13     | Found a gate leading to a gauntlet.
 23259 | D:13     | Killed Lodul
 23299 | Gauntlet | Entered a Gauntlet
 23299 | Gauntlet | Found a transporter.
 23509 | Gauntlet | Found a transporter.
 23510 | Gauntlet | Found a transporter.
 23514 | Gauntlet | Found a transporter.
 23521 | Gauntlet | Found a transporter.
 23521 | Gauntlet | Found a transporter.
 23522 | Gauntlet | Found a transporter.
 23532 | Gauntlet | Found a transporter.
 23534 | Gauntlet | Found a transporter.
 23535 | Gauntlet | Found a transporter.
 23547 | Gauntlet | Found a transporter.
 23547 | Gauntlet | Found a transporter.
 23548 | Gauntlet | Found a transporter.
 23556 | Gauntlet | Found a transporter.
 23742 | Gauntlet | Identified the ring of Fimpetiq {rF+ rC+ rCorr Int+6 Dex+2}
 23765 | Gauntlet | Received a gift from Trog
 23883 | Gauntlet | Identified the ring of Juagyqig {Str+4 SInv}
 23941 | Gauntlet | Found the +4 robe of Folly {Brilliance Will-∞ Int+8}
 23941 | Gauntlet | Identified the amulet "Goxaetich" {rElec rPois rN+ Regen+
                  | Slay-6}
 24160 | D:13     | Found Hiyluo Hone's Weapon Emporium.
 24627 | Abyss:2  | Cast into level 2 of the Abyss (a wizard)
 24673 | D:14     | Escaped the Abyss
 25414 | D:15     | Entered Level 15 of the Dungeon
 25601 | D:15     | Reached XP level 15. HP: 111/145 MP: 11/14
 25754 | Abyss:3  | Cast into level 3 of the Abyss (a wizard)
 25895 | Abyss:3  | Noticed a lich
 25897 | Abyss:3  | Killed a lich
 26000 | Abyss:3  | Noticed a golden dragon
 26000 | Abyss:3  | Noticed a golden dragon
 26003 | Abyss:3  | Received a gift from Trog
 26004 | Abyss:3  | Reached skill level 17 in Fighting
 26007 | Abyss:3  | HP: 4/220 [golden dragon[a demonspawn corrupter] (10)]
 26008 | Abyss:3  | Noticed a tentacled starspawn
 26018 | Abyss:3  | Noticed a tentacled starspawn
 26020 | Abyss:3  | Killed a tentacled starspawn
 26023 | D:15     | Escaped the Abyss
 26024 | D:15     | Slain by a purple ugly thing

Illustrated notes

Levels and vault maps discovered:
D:1:      arrival_zaba_pyramid, layout_basic, minmay_misc_feat_nine_boxes,
          lemuel_flame_loot_1
D:2:      layout_basic
D:3:      layout_rooms, nicolae_hepliaklqana_hazy_memory, serial_shops, shop,
          minmay_goblin_kobold_house, uniq_terence, uniq_natasha
D:4:      layout_layer_cave, tgw_xom, bloody_trog,
          minmay_temple_entry_glassed_door
D:5:      layout_loops_corners
D:6:      layout_gridville
D:7:      layout_rooms, minmay_starry_boxes
D:8:      layout_basic, cheibriados_altar_2, nicolae_ru_path_of_blood
D:9:      layout_cave_pools, vehumet_statue, uniq_maurice, uniq_maggie,
          uniq_amaemon
D:10:     layout_roguey, mainiacjoe_overflow_paths,
          grunt_temple_overflow_cloverleaf, minmay_overflow_temple_star_quad,
          lair_entry_dummy, david_orc_4, uniq_sonja
D:11:     layout_small_grid, serial_shops, bzr_entry_lakeside
D:12:     layout_gridville
D:13:     layout_irregular_city, serial_shops, nicolae_shop_trees,
          gauntlet_entry_generic, chequers_serial_rivers_marsh,
          dreamdust_mushroom_princess, uniq_lodul, uniq_josephine
D:14:     layout_basic, grunt_vaults_entry_fortified
D:15:     gammafunk_enter_depths_forms, layout_basic, grunt_dithmenos_shadows,
          onia_ninara_cookie
Lair:1:   layout_misc_corridors, grunt_megastairs_1
Lair:2:   layout_long_grid, minmay_shoals_entry_hut,
          guppyfry_snake_entry_garden, st_stairs_13, uniq_harold
Lair:3:   layout_hall_layers, infiniplex_staircase_pool
Lair:4:   layout_misc_corridors, lookout_lair_type
Lair:5:   hangedman_lair_tendril_chambers, layout_gridlike, slime_entry_1,
          serial_bayou_pond_d, uniq_nessos
Orc:1:    layout_caves, basic_altar, lightli_church_of_beogh
Orc:2:    grunt_orc_tribal_feast, layout_diamond_mine, serial_shops,
          nicolae_diamond_shop

Skill      XL: |  1  2  3  4  5  6  7  8  9 10 11 12 13 14 15 |
---------------+----------------------------------------------+-----
Axes           | 4 5 6 7 8 9 10 12 13 14 15 16 | 16.2
Shields        | 1 2 4 6 8 10 11 | 11.7
Armour         | 3 4 5 8 10 11 12 13 | 13.0
Fighting       | 4 7 13 15 16 17 | 17.0
Throwing       | 2 5 6 8 9 |  9.6
Evocations     | 2 4 6 |  6.5
Dodging        | 4 6 7 8 |  8.3

Action                   |  1- 3 |  4- 6 |  7- 9 | 10-12 | 13-15 || total
-------------------------+-------+-------+-------+-------+-------++-------
Melee: Hand axe          |   105 |   164 |   248 |   476 |   733 ||  1726
       Headbutt          |    19 |    22 |    39 |   115 |   211 ||   406
       Long sword        |       |       |       |     6 |    20 ||    26
Throw: Dart              |       |       |       |     3 |     6 ||     9
       Throwing net      |       |       |       |       |     2 ||     2
       Javelin           |       |       |       |       |     5 ||     5
Invok: Berserk           |       |     1 |     4 |     6 |     9 ||    20
       Brothers in Arms  |       |       |       |     2 |     3 ||     5
       Trog's Hand       |       |       |       |       |     2 ||     2
Evoke: Wand              |       |       |       |       |     1 ||     1
  Use: Scroll            |       |       |       |    23 |     1 ||    24
       Potion            |       |       |       |     2 |       ||     2
 Stab: Petrified         |       |       |       |       |     4 ||     4
       Held in net/web   |       |       |       |       |     1 ||     1
       Distracted        |       |       |       |       |     1 ||     1
Armor: Plate armour      |    75 |    91 |    93 |    98 |   222 ||   579
       Acid dragon scale |       |       |     1 |       |       ||     1
       Swamp dragon scal |       |       |       |    75 |    76 ||   151
Dodge: Dodged            |    32 |    47 |    51 |   136 |   219 ||   485
Block: Buckler           |       |    28 |    58 |   137 |   248 ||   471
